 Dungeon Crawl Stone Soup version 0.29-a0-275-g389c0b56f3 (console) character file.

Game seed: 14270949462385061445

1878 jejorda2 the Slicer (level 9, -2/55 HPs)
             Began as a Tengu Brigand on Mar 12, 2022.
             Was a Follower of Okawaru.
             Killed by divine providence
             ... invoked by an orc priest
              (11 damage)
             ... on level 6 of the Dungeon.
             The game lasted 00:16:53 (6847 turns).

jejorda2 the Slicer (Tengu Brigand)                 Turns: 6847, Time: 00:16:53

Health: -2/55      AC:  8    Str: 12    XL:     9   Next: 14%
Magic:  11/11      EV: 14    Int: 11    God:    Okawaru [*.....]
Gold:   382        SH:  0    Dex: 20    Spells: 8/8 levels left

rFire   + . .      SeeInvis +   a - +2 dagger
rCold   . . .      Faith    .   (no shield)
rNeg    . . .      Spirit   .   l - +0 scale mail
rPois   .          Reflect  .   v - +1 hat
rElec   .          Harm     .   c - +0 cloak
rCorr   .          Rampage  .   (no gloves)
Will    .....                   (boots unavailable)
Stlth   ++........              (no amulet)
HPRegen 0.18/turn               s - ring of see invisible
MPRegen 0.12/turn               u - ring of protection from fire

@: lethally poisoned (-2 -> -15), flying quickly and evasively, quick
A: beak, talons 3, nimble flight
a: Renounce Religion, Heroism


You were on level 6 of the Dungeon.
You worshipped Okawaru.
Okawaru was aware of your devotion.
You visited 2 branches of the dungeon, and saw 7 of its levels.

You collected 382 gold pieces.

Inventory:

Hand Weapons
 a - a +2 dagger (weapon)
Missiles
 d - 9 poisoned darts
 e - 3 curare-tipped darts
 g - 214 stones (quivered)
 t - 2 boomerangs
Armour
 c - a +0 cloak (worn)
 f - a +0 leather armour
 l - a +0 scale mail (worn)
 v - a +1 hat (worn)
Jewellery
 n - a ring of fire
 s - a ring of see invisible (left hand)
 u - a ring of protection from fire (right hand)
 w - a ring of ice
Scrolls
 k - 2 scrolls of teleportation
 p - a scroll of enchant weapon {unknown}
 r - a scroll of fear {unknown}
 x - a scroll of vulnerability {unknown}
Potions
 b - 2 potions of brilliance
 h - a potion of invisibility {unknown}
 i - 3 potions of flight {unknown}
 j - a potion of berserk rage
 m - a potion of heal wounds {unknown}
 o - 3 potions of curing {unknown}
 q - a potion of mutation {unknown}


   Skills:
 - Level 6.0 Fighting
 + Level 8.3 Short Blades
 + Level 3.0 Throwing
 + Level 2.3 Armour
 - Level 6.0 Dodging
 - Level 4.0 Stealth
 + Level 2.0 Invocations


You had 8 spell levels left.
You didn't know any spells.
Your spell library contained the following spells:

 Spells                   Type           Power      Damage    Failure   Level
 Gell's Gravitas          Tloc           0%         N/A       99%         3
 Lesser Beckoning         Tloc           0%         N/A       99%         3
 Teleport Other           Tloc           0%         N/A       99%         3


Dungeon Overview and Level Annotations

Branches:
Dungeon (6/15)             Temple (1/1) D:5

Altars:
Cheibriados
Dithmenos
Elyvilon
Fedhas
Gozag
Hepliaklqana
Kikubaaqudgha
Makhleb
Nemelex Xobeh
Okawaru
Qazlal
Ru
Sif Muna
Trog
Wu Jian
Xom
Yredelemnul
Zin
The Shining One


Innate Abilities, Weirdness & Mutations

You have a beak for a mouth.
You have claws for feet.
Your magical nature lets you fly swiftly and evasively.


Message History

You are more poisoned.
You throw a stone.
The stone hits the orc priest but does no damage.
You feel very sick.
The orc priest mumbles some strange prayers to Beogh against you.
Pain shoots through your body! The orc priest completely misses you.
You throw a stone.
The stone hits the orc priest but does no damage.
You feel very sick. The orc priest closely misses you.
You hit the orc priest. Your kick misses the orc priest.
You peck the orc priest, but do no damage.
The orc priest is moderately wounded.
You feel sick.
The orc priest invokes the aid of Beogh against you.
Pain shoots through your body!
The orc priest hits you from afar with a +1 trident of venom!
You are lethally poisoned!
You are too injured to fight recklessly!
You are too injured to fight recklessly!
You are too injured to fight recklessly!
You are too injured to fight recklessly!
You hit the orc priest. Your kick misses the orc priest.
The orc priest is heavily wounded.
You feel very sick.
You hit the orc priest. You peck the orc priest.
The orc priest is almost dead.
* * * LOW HITPOINT WARNING * * *
You feel very sick. The orc priest misses you.
You hit the orc priest.
You kill the orc priest!
Okawaru accepts your kill.
* * * LOW HITPOINT WARNING * * *
You feel sick.
* * * LOW HITPOINT WARNING * * *
You feel very sick.
The orc priest mumbles some strange prayers to Beogh against you.
Beogh smites you!
You die...

##+####+##... #........
........ #....(.(. ........
#........ ........ #....((..
........ .. #...(....
........ ... #..(.....
........ .... #(o......
........ ....#+####+#@.......
.......
#...........)############....
#............#......... #....
#............#......... #....
#............#......... #....
#............#......... #....
#............#.†....... #....
#............##'#########....
..##'######.÷))))...#...###'#


You could see an orc priest.

Vanquished Creatures
  3 yaks (D:5)
  A water moccasin (D:4)
  An ice beast (D:5)
  2 sky beasts (D:5)
  A centaur (D:6)
  A bullfrog (D:6)
  A necrophage (D:4)
  A gnoll sergeant (D:6)
  A scorpion (D:5)
  5 hounds
  A jelly (D:5)
  Crazy Yiuf (D:5)
  3 orc priests
  3 iguanas
  5 orc wizards (D:5)
  9 gnolls
  4 adders
  A shadow imp (D:5)
  2 ufetubi (D:5)
  3 worms (D:3)
  19 orcs
  3 ball pythons
  4 endoplasms
  A giant cockroach (D:4)
  7 goblins
  5 hobgoblins
  16 jackals
  5 kobolds
  2 quokkas (D:4)
  7 bats
  3 frilled lizards
  6 rats
127 creatures vanquished.

Vanquished Creatures (others)
  5 fungi (D:3)
  6 toadstools (D:3)
11 creatures vanquished.

Grand Total: 138 creatures vanquished

Notes
Turn   | Place    | Note
-------+----------+-------------------------------------------
     0 | D:1      | jejorda2 the Tengu Brigand began the quest for the Orb.
     0 | D:1      | Reached XP level 1. HP: 12/12 MP: 2/2
   131 | D:1      | Reached XP level 2. HP: 17/17 MP: 3/3
   261 | D:1      | Reached skill level 3 in Short Blades
   703 | D:1      | Reached XP level 3. HP: 22/22 MP: 4/4
  1027 | D:1      | Reached skill level 4 in Short Blades
  1027 | D:1      | Reached XP level 4. HP: 14/27 MP: 5/5
  1479 | D:2      | Found a faded altar of an unknown god.
  2272 | D:3      | Gained mutation: Your magical nature lets you fly swiftly
                  | and evasively. [Tengu growth]
  2272 | D:3      | Reached XP level 5. HP: 26/32 MP: 6/6
  3013 | D:4      | Reached skill level 5 in Short Blades
  3064 | D:4      | Noticed a water moccasin
  3076 | D:4      | Killed a water moccasin
  3077 | D:4      | Reached XP level 6. HP: 16/38 MP: 7/7
  4097 | D:5      | Entered Level 5 of the Dungeon
  4151 | D:5      | Noticed a sky beast
  4165 | D:5      | Reached skill level 6 in Short Blades
  4172 | D:5      | Reached XP level 7. HP: 26/44 MP: 8/8
  4741 | D:5      | Noticed a yak
  4747 | D:5      | Noticed a yak
  4750 | D:5      | Noticed a yak
  4760 | D:5      | Reached skill level 5 in Fighting
  4762 | D:5      | Killed a yak
  4763 | D:5      | Reached XP level 8. HP: 49/49 MP: 9/9
  4772 | D:5      | Killed a yak
  4773 | D:5      | Reached skill level 7 in Short Blades
  4784 | D:5      | Killed a yak
  4785 | D:5      | Reached skill level 5 in Dodging
  5360 | D:5      | Found a staircase to the Ecumenical Temple.
  5369 | Temple   | Entered the Ecumenical Temple
  5607 | Temple   | Became a worshipper of Warmaster Okawaru
  6118 | D:5      | Found a runed translucent door.
  6119 | D:5      | Noticed Crazy Yiuf
  6128 | D:5      | Killed Crazy Yiuf
  6263 | D:5      | Found an opulent altar of Gozag.
  6385 | D:6      | Reached skill level 8 in Short Blades
  6385 | D:6      | Reached skill level 1 in Armour
  6478 | D:6      | Reached skill level 1 in Invocations
  6555 | D:6      | Reached XP level 9. HP: 55/55 MP: 9/11
  6684 | D:6      | Reached * piety under Okawaru
  6847 | D:6      | Killed from afar by an orc priest

Illustrated notes

Levels and vault maps discovered:
D:1:      wander_arrival_estate, layout_loops_ring
D:2:      layout_rooms, hellmonk_ecumenical_altar_zigzags
D:3:      layout_basic, minmay_gold_behind_fungi, grunt_ministairs_5,
          st_stairs_4
D:4:      nicolae_cairo_tiling_very_big, layout_rooms
D:5:      layout_loops_ring, nicolae_overflow_hidden_temple,
          minmay_temple_entry_glassed_door, kennysheep_potato,
          uniq_crazy_yiuf_cottage
D:6:      layout_gridville, biasface_ghost_orc_armoury
Temple:   mainiacjoe_temple_starburst

Skill      XL: |  1  2  3  4  5  6  7  8  9 |
---------------+----------------------------+-----
Short Blades   | 3 4 5 6 8 |  8.3
Fighting       | 3 4 5 6 |  6.0
Dodging        | 2 4 6 |  6.0
Armour         | 1 2 |  2.3
Invocations    | 1 2 |  2.0
Throwing       | 3 |  3.0
Stealth        | |  4.0

Action                   |  1- 3 |  4- 6 |  7- 9 || total
-------------------------+-------+-------+-------++-------
Melee: Dagger            |    54 |   153 |   200 ||   407
       Kick              |    12 |    40 |    70 ||   122
       Peck              |     9 |    21 |    46 ||    76
       Punch             |     1 |     1 |     1 ||     3
Throw: Dart              |     7 |     5 |    10 ||    22
       Stone             |    39 |    64 |    49 ||   152
       Boomerang         |       |     1 |       ||     1
  Use: Scroll            |       |       |     8 ||     8
       Potion            |       |       |     1 ||     1
 Stab: Sleeping          |     2 |       |       ||     2
Armor: Leather armour    |     4 |       |       ||     4
       Robe              |     1 |       |       ||     1
       Scale mail        |    15 |    36 |    21 ||    72
Dodge: Dodged            |    22 |    50 |    79 ||   151

Table legend: (Time is in decaauts)
 A = Elapsed time spent in this place.
 B = Non-inter-level travel time spent in this place.
 C = Inter-level travel time spent in this place.
 D = Time resting spent in this place.
 E = Time spent auto-exploring this place.
 F = Levels seen in this place.
 G = Mean time per level.
                   A        B        C        D        E       F      G
               +--------+--------+--------+--------+--------+-----+--------+
         Total |   6521 |   6224 |    297 |    567 |   4676 |   7 |  931.6 |
       Dungeon |   6256 |   6008 |    248 |    567 |   4467 |   6 | 1042.7 |
        Temple |    264 |    216 |     48 |      0 |    209 |   1 |  264.0 |
               +--------+--------+--------+--------+--------+-----+--------+

Top non-repeatable levels by time:
     D:5: 1531 daAuts
     D:3: 1188 daAuts
     D:4: 1056 daAuts
     D:1: 1049 daAuts
     D:2: 944 daAuts
     D:6: 487 daAuts
  Temple: 264 daAuts
